 Dungeon Crawl Stone Soup version 0.30-a0-137-gd8773701ce (webtiles) character file.

Game seed: 16574342443640175527

665 juncz the Trooper (level 7, -7/54 HPs)
             Began as a Djinni Conjurer on Sept 23, 2022.
             Was an Initiate of Ashenzari.
             Killed from afar by Dowan (8 damage)
             ... with a puff of frost
             ... on level 6 of the Dungeon.
             The game lasted 00:09:14 (6399 turns).

juncz the Trooper (Djinni Conjurer)                 Turns: 6399, Time: 00:09:15

Health: -7/54      AC:  4    Str:  6    XL:     7   Next: 87%
Gold:   366        EV: 12    Int: 21    God:    Ashenzari [......] SH:  0 Dex: 12

rFire   + + .      SeeInvis .    f - +0 short sword
rCold   . . .      Faith    .    (no shield)
rNeg    . . .      Spirit   .    a - +0 robe
rPois   ∞          Reflect  .    (no helmet)
rElec   .          Harm     .    d - +0 cloak
rCorr   .          Rampage  .    s - +0 pair of gloves
Will    .....                    (boots unavailable)
Stlth   ++........               (no amulet)
HPRegen 0.18/turn                j - ring of protection from cold
MPRegen 0.00/turn                (no ring)

@: flying, very slightly contaminated
A: sickness immunity, fire resistance 2, cold vulnerability 1, float, innate
caster, HP casting, extra vitality 1
a: Renounce Religion, Curse Item


You were on level 6 of the Dungeon.
You worshipped Ashenzari.
Ashenzari was noncommittal.
You visited 2 branches of the dungeon, and saw 7 of its levels.

You collected 366 gold pieces.

Inventory:

Hand Weapons
 f - a +0 short sword (weapon)
Armour
 a - a +0 robe (worn)
 d - a +0 cloak (worn)
 s - a +0 pair of gloves (worn)
Jewellery
 j - a ring of protection from cold (left hand)
Scrolls
 c - 2 scrolls of magic mapping {unknown}
 e - 2 scrolls of amnesia {unknown}
 i - 6 scrolls of teleportation {unknown}
 l - 4 scrolls of enchant weapon {unknown}
 n - 4 scrolls of noise {unknown}
 p - 4 scrolls of identify {unknown}
 q - a scroll of summoning {unknown}
 v - a scroll of silence {unknown}
 w - a scroll of acquirement {unknown}
 y - 2 scrolls of vulnerability {unknown}
Potions
 b - 4 potions of curing {unknown}
 g - a potion of cancellation {unknown}
 h - a potion of haste {unknown}
 k - a potion of magic {unknown}
 m - a potion of lignification {unknown}
 o - a potion of attraction {unknown}
 r - a potion of degeneration {unknown}
 t - 3 potions of invisibility {unknown}
 u - 3 potions of heal wounds {unknown}
 x - a potion of might {unknown}
 z - a potion of flight {unknown}


   Skills:
 + Level 5.4 Fighting
 - Level 2.1 Dodging
 - Level 1.5 Stealth
 + Level 5.4 Spellcasting


You couldn't memorise any spells.
You knew the following spells:

 Your Spells              Type           Power      Damage    Failure   Level
a - Magic Dart            Conj           100%       1d8       1%          1
b - Searing Ray           Conj           56%        2d6       1%          2
c - Dazzling Flash        Conj/Hex       56%        N/A       3%          3
d - Fulminant Prism       Conj/Hex       14%        3d9       11%         4
e - Iskenderun's Mystic   Conj/Tloc      28%        2d7       11%         4
f - Summon Small Mammal   Summ           100%       N/A       1%          1
g - Call Imp              Summ           28%        N/A       1%          2
h - Spider Form           Tmut/Pois      28%        N/A       3%          3
Your spell library was empty.

Dungeon Overview and Level Annotations

Branches:
Dungeon (6/15)             Temple (1/1) D:4

Altars:
Ashenzari
Cheibriados
Dithmenos
Elyvilon
Fedhas
Gozag
Hepliaklqana
Makhleb
Ru
Trog
Uskayaw
Xom
The Shining One

Annotations:
D:4 3 runed translucent doors, Econoterrorist's ghost, amateur MiFi
D:6 1 runed translucent door, Dowan; Duvessa; Menkaure


Innate Abilities, Weirdness & Mutations

You are immune to sickness and miasma.
You are immune to poison.
Your flesh is very heat resistant. (rF++)
You are vulnerable to cold. (rC-)
You float through the air rather than walking.
You learn spells naturally, not from books.
Your magical power is your life essence.
You have superior vitality. (+4 MHP)


Message History

You erupt in a blast of force!
The mystic blast hits Duvessa but does no damage.
Duvessa is heavily wounded.
The mystic blast hits Dowan!
Dowan is moderately wounded.
Dowan is knocked back by the mystic blast.
Casting: Iskenderun's Mystic Blast (dangerous; 11% risk of failure)
Confirm with . or Enter, or press ? or * to list all spells.
You erupt in a blast of force!
The mystic blast hits Duvessa.
Duvessa is heavily wounded.
Duvessa is knocked back by the mystic blast.
* * * LOW HITPOINT WARNING * * *
Casting: Iskenderun's Mystic Blast (dangerous; 11% risk of failure)
Confirm with . or Enter, or press ? or * to list all spells.
You erupt in a blast of force!
The mystic blast hits Duvessa.
Duvessa is severely wounded.
Duvessa is knocked back by the mystic blast.
Duvessa slams into the rock wall!
* * * LOW HITPOINT WARNING * * *
Dowan says, "Stay away from my face!"
Menkaure calls on the powers of darkness!
Dowan convulses!
Duvessa convulses!
Your body is wracked with pain!
* * * LOW HITPOINT WARNING * * *
Casting: Iskenderun's Mystic Blast (dangerous; 11% risk of failure)
Confirm with . or Enter, or press ? or * to list all spells.
You erupt in a blast of force!
The mystic blast hits Duvessa.
Duvessa is almost dead.
Duvessa is knocked back by the mystic blast.
The mystic blast hits Dowan.
Dowan is severely wounded.
Dowan is knocked back by the mystic blast.
* * * LOW HITPOINT WARNING * * *
Dowan points at you and mumbles some strange words.
The puff of flame hits you. You resist.
* * * LOW HITPOINT WARNING * * *
You aren't carrying any items that you can evoke.
Duvessa says, "When magic and the sword combine, nothing stands against them."
Dowan casts a spell at you. The puff of frost hits you!
You die...

.M . .# .# .#
... .# M...
.#.....
##.e..._.
###..#
######..e.#
#....@.#..#
#......##.#
#......# ...
#......##.#..
#..............
##.######.# ###
#.# #.# #.##
#.# #..## #.#


You could see Duvessa, Menkaure and Dowan.

Vanquished Creatures
  A black bear (D:3)
  2 phantoms
  2 scorpions (D:5)
  2 hounds (D:5)
  An iguana (D:4)
  4 gnolls
  10 adders
  6 dart slugs
  6 orcs
  2 ball pythons
  7 endoplasms
  A giant cockroach (D:1)
  10 goblins
  9 hobgoblins
  3 jackals (D:2)
  9 kobolds
  4 quokkas
  8 bats
  7 frilled lizards
  4 rats
  7 fulminant prisms
105 creatures vanquished.

Vanquished Creatures (others)
  7 fulminant prisms
7 creatures vanquished.

Grand Total: 112 creatures vanquished

Notes
Turn   | Place    | Note
-------+----------+-------------------------------------------
     0 | D:1      | juncz the Djinni Conjurer began the quest for the Orb.
     0 | D:1      | juncz set off with the following spells memorised: Magic
                  | Dart, Searing Ray, Dazzling Flash, Fulminant Prism,
                  | Iskenderun's Mystic Blast.
     0 | D:1      | Reached XP level 1. HP: 15/15 MP: 0/0
   196 | D:1      | Reached skill level 1 in Fighting
   196 | D:1      | Reached XP level 2. HP: 18/22 MP: 0/0
   638 | D:1      | Reached XP level 3. HP: 23/27 MP: 0/0
   638 | D:1      | Learned a level 1 spell: Summon Small Mammal
  1497 | D:2      | Reached XP level 4. HP: 29/33 MP: 0/0
  2195 | D:2      | Reached XP level 5. HP: 26/39 MP: 0/0
  2195 | D:2      | Learned a level 2 spell: Call Imp
  3069 | D:3      | Noticed a black bear
  3079 | D:3      | Killed a black bear
  3080 | D:3      | Reached XP level 6. HP: 38/47 MP: 0/0
  3254 | D:3      | Found a shimmering altar of Xom.
  3879 | D:4      | Found a staircase to the Ecumenical Temple.
  3895 | Temple   | Entered the Ecumenical Temple
  4010 | Temple   | Became a worshipper of Ashenzari the Shackled
  4284 | D:4      | Found a runed translucent gate.
  4285 | D:4      | Found a runed translucent gate.
  4286 | D:4      | Found a runed translucent gate.
  4288 | D:4      | Noticed Econoterrorist's ghost (amateur MiFi)
  4359 | D:4      | You are sucked into a shaft and drop 2 floors!
  4361 | D:6      | Found a runed translucent door.
  4366 | D:6      | Noticed a vampire mosquito
  4387 | D:5      | Entered Level 5 of the Dungeon
  4589 | D:4      | Reached XP level 7. HP: 29/53 MP: 0/0
  4589 | D:4      | Learned a level 3 spell: Spider Form
  5183 | D:5      | Reached skill level 5 in Spellcasting
  5351 | D:5      | Reached skill level 5 in Fighting
  6101 | D:5      | Found a faded altar of an unknown god.
  6101 | D:5      | Found a hazy altar of Hepliaklqana.
  6102 | D:5      | Found a faded altar of an unknown god.
  6104 | D:5      | Found a faded altar of an unknown god.
  6382 | D:6      | Noticed Duvessa
  6383 | D:6      | Found a shadowy altar of Dithmenos.
  6383 | D:6      | Noticed Menkaure
  6383 | D:6      | Noticed Dowan
  6398 | D:6      | HP: 1/54 [Dowan/puff of flame (2)]
  6399 | D:6      | Killed from afar by Dowan

Illustrated notes

Levels and vault maps discovered:
D:1:      dpeg_arrival_subterranean_lakeside_camping, layout_basic,
          minmay_pentomino_p2
D:2:      minmay_angry_zag, layout_loops_ring
D:3:      layout_basic, general_overflow_altar
D:4:      layout_cave_pods, minmay_temple_entry_overgrown,
          ebering_ghost_rock_garden
D:5:      layout_rooms, nicolae_hepliaklqana_ecumenical_no_more
D:6:      lemuel_insect_pit, layout_loops_cross, kennysheep_mini,
          lemuel_doored_altar, old_standard_altar,
          ebering_ghost_reflecting_pool, solitary_fountain, uniq_menkaure,
          uniq_grinder, uniq_duvessa, uniq_pikel
Temple:   hc_temple_tempest_star

Skill      XL: |  1  2  3  4  5  6  7 |
---------------+----------------------+-----
Fighting       | 1 2 3 4 5 |  5.4
Spellcasting   | 4 5 |  5.4
Dodging        | |  2.1
Stealth        | |  1.5

Action                   |  1- 3 |  4- 6 |  7- 9 || total
-------------------------+-------+-------+-------++-------
 Cast: Magic Dart        |    69 |   128 |    13 ||   210
       Fulminant Prism   |       |     5 |     9 ||    14
       Iskenderun's Myst |       |       |    16 ||    16
Armor: Robe              |     1 |     8 |     1 ||    10
Dodge: Dodged            |     4 |    21 |     1 ||    26

Table legend: (Time is in decaauts)
 A = Elapsed time spent in this place.
 B = Non-inter-level travel time spent in this place.
 C = Inter-level travel time spent in this place.
 D = Time resting spent in this place.
 E = Time spent auto-exploring this place.
 F = Levels seen in this place.
 G = Mean time per level.
                   A        B        C        D        E       F      G
               +--------+--------+--------+--------+--------+-----+--------+
         Total |   6397 |   6016 |    381 |   1092 |   4329 |   7 |  913.9 |
       Dungeon |   6272 |   5913 |    359 |   1092 |   4247 |   6 | 1045.3 |
        Temple |    124 |    102 |     22 |      0 |     82 |   1 |  124.0 |
               +--------+--------+--------+--------+--------+-----+--------+

Top non-repeatable levels by time:
     D:4: 1489 daAuts
     D:2: 1423 daAuts
     D:1: 1386 daAuts
     D:5: 1015 daAuts
     D:3: 825 daAuts
     D:6: 132 daAuts
  Temple: 124 daAuts
